 Dungeon Crawl Stone Soup version 0.20.0-15-g7f486f2 (webtiles) character file.

212531 Exaltedone87 the Severer (level 17, -15/137 HPs)
             Began as a Demonspawn Fighter on June 7, 2017.
             Was the Champion of Okawaru.
             Killed from afar by a crystal guardian (37 damage)
             ... with a crystal bolt
             ... on level 12 of the Dungeon on June 10, 2017.
             The game lasted 01:08:29 (24672 turns).

Exaltedone87 the Severer (Demonspawn Fighter)      Turns: 24672, Time: 01:08:30

Health: -15/137    AC: 43    Str: 27    XL:     17   Next: 78%
Magic:  20/24      EV: 14    Int: 11    God:    Okawaru [******]
Gold:   2001       SH: 17    Dex: 20    Spells: 16/16 levels left

rFire    . . .     SeeInvis .   p - +4 broad axe (flame)
rCold    . . .     Gourm    .   c - +3 shield
rNeg     . . .     Faith    .   O - +0 plate armour
rPois    +         Spirit   .   E - +2 hat {Int+3}
rElec    +         Reflect  .   d - scarf "Cacsofus" {*Drain +Inv Dex+6 Stlth+}
rCorr    +         Harm     .   N - +1 pair of gloves of Brilliance {rCorr Slay+3}
MR       +....                  b - +1 pair of boots {Stlth+}
Stlth    ..........             V - amulet "Osoon" {rElec Regen+}
Regen    0.8/turn               w - +5 ring of protection
MPRegen  0.2/turn               z - +4 ring of protection

@: mighty, about to teleport, sanguine armour
A: horns 2, talons 1, dopey 1, mutation resistance 1, poison resistance, powered
by pain 3, spiny 2, subdued magic 1, sanguine armour 3
}: 2/15 runes: barnacled, gossamer
a: Heroism, Finesse, Renounce Religion, Evoke Invisibility


You were on level 12 of the Dungeon.
You worshipped Okawaru.
Okawaru was exalted by your worship.
You were not hungry.

You visited 5 branches of the dungeon, and saw 28 of its levels.

You collected 2976 gold pieces.
You spent 975 gold pieces at shops.

Inventory:

Hand Weapons
 l - a +2 broad axe of chopping
 p - a +4 broad axe of flaming (weapon)
Armour
 b - a +1 pair of boots of stealth (worn)
 c - a +3 shield (worn)
 d - the scarf "Cacsofus" (worn) {*Drain +Inv Dex+6 Stlth+}
   (Okawaru gifted it to you on level 2 of the Orcish Mines)

   It affects your dexterity (+6).
   It lets you turn invisible.
   It causes draining when unequipped.
   It makes you more stealthy.
 o - a +0 pair of boots
 y - a +1 cloak of poison resistance
 D - the scarf of Disguise {MR++}
   (Okawaru gifted it to you on level 4 of the Shoals)

   It affects your resistance to hostile enchantments.
 E - a +2 hat of intelligence (worn)
 N - the +1 pair of gloves of Brilliance (worn) {rCorr Slay+3}
   (Okawaru gifted it to you on level 10 of the Dungeon)

   It affects your accuracy and damage with ranged weapons and melee attacks
   (+3).
   It protects you from acid and corrosion.
 O - a +0 plate armour (worn)
Jewellery
 t - an uncursed ring of flight
 w - a +5 ring of protection (left hand)
 z - a +4 ring of protection (right hand)
 M - an uncursed ring of protection from cold
 V - the amulet "Osoon" (around neck) {rElec Regen+}
   (You found it on level 2 of the Shoals)

   [amulet of regeneration]

   It insulates you from electricity.
   It increases your rate of regeneration.
Wands
 i - a wand of scattershot (5/9)
 u - a wand of random effects (12/48)
 v - a wand of disintegration (14/24)
 F - a wand of acid (4/15)
 I - a wand of lightning (9/15)
 K - a wand of digging (6/24)
Scrolls
 a - 3 scrolls of recharging
 e - 14 scrolls of remove curse
 g - 2 scrolls of identify
 s - 4 scrolls of enchant armour
 B - a scroll of magic mapping
 G - 2 scrolls of teleportation
 P - a scroll of amnesia
 R - a scroll of brand weapon
 S - a scroll of fog {unknown}
Potions
 h - 2 potions of curing
 j - 5 potions of resistance
 k - 6 potions of brilliance
 m - 7 potions of flight
 q - a potion of agility
 A - a potion of cancellation
 H - 2 potions of mutation
 J - a potion of haste
 L - 3 potions of magic
Books
 C - a book of Flames

   Spells                             Type                      Level
   a - Flame Tongue                   Conjuration/Fire             1
   b - Throw Flame                    Conjuration/Fire             2
   c - Conjure Flame                  Conjuration/Fire             3
   d - Inner Flame                    Hexes/Fire                   3
   e - Sticky Flame                   Conjuration/Fire             4
   f - Fireball                       Conjuration/Fire             5
 T - a book of Party Tricks

   Spells                             Type                      Level
   a - Summon Butterflies             Summoning                    1
   b - Apportation                    Translocation                1
   c - Lesser Beckoning               Translocation                3
   d - Tukima's Dance                 Hexes                        3
   e - Alistair's Intoxication        Transmutation/Poison         5
   f - Invisibility                   Hexes                        6
Comestibles
 f - 13 bread rations
 n - 6 meat rations
 r - 10 royal jellies
 x - 22 fruits


   Skills:
 + Level 13.6 Fighting
 * Level 16.9 Axes
 + Level 12.6 Armour
 + Level 10.5 Dodging
 + Level 12.7 Shields
 - Level 10.0 Invocations


You had 16 spell levels left.
You didn't know any spells.

Dungeon Overview and Level Annotations

Branches:
Dungeon (12/15)            Temple (0/1) D:6            Lair (6/6) D:9
 Shoals (4/4) Lair:4       Spider (4/4) Lair:3        Slime (0/5) Lair:6
    Orc (2/2) D:10            Elf (0/3) Orc:2

Altars:
Ashenzari
Cheibriados
Elyvilon
Fedhas
Makhleb
Okawaru
Qazlal
Ru
Sif Muna
Trog
Uskayaw
The Shining One
Beogh
Jiyva

Shops:
D:9 !   Orc:2 =*[*   Shoals:1 [   Shoals:2 ?

Annotations:
D:10 Urug
D:12 exclusion: orange crystal statue
Lair:3 exclusion: 3 oklob plants


Innate Abilities, Weirdness & Mutations

You have a pair of horns on your head.
You are powered by pain.
You are mostly covered in sharp spines.
When seriously injured, your bleeding wounds create very thick armour. (AC +12)
You have sharp toenails.
You are dopey. (Int -2)
You are somewhat resistant to further mutation.
Your system is resistant to poisons. (rPois)
Your spells are a little easier to cast, but a little less powerful.


Message History

* * * LOW HITPOINT WARNING * * *
Okay, then.
Okay, then.
You feel much better. The crystal guardian hits you!
* * * LOW HITPOINT WARNING * * *
You block the phantom's attack.
The orange crystal statue fixes its piercing gaze on you.
You feel your power leaking away.
The crystal guardian hits you but does no damage.
The cyclops throws a large rock.
You block the large rock.
Okay, then.
Okay, then.
As you read the scroll of teleportation, it crumbles to dust.
You feel strangely unstable.
The crystal guardian hits you but does no damage.
You block the phantom's attack.
The orange crystal statue glitters.
The crystal guardian fires a crystalline bolt at you.
The crystal bolt burns you!
You die...

#.## #.# #######..............##
#.# #.# #................[....#
#.####'####......................
..........#.≈≈≈≈≈≈≈≈≈≈≈≈≈≈###.#.#
#.##......#.≈############≈.##.#.#
#.##......##≈##.}....$C.#≈....#..
#.#.......##≈##!=.).$.$.#≈....##.
#.#.......##≈##).a[....$#≈....##.
..........##≈##8@.$$|().#≈....###
..........##≈≈'8W..8...(#≈....# #
##........##≈##......$..#≈....# #
#........##≈##!.:($....#≈....###
#........##≈##.$.[$[...#≈.......
#........##≈##.=.(!$...#≈.......
##.....#####≈############≈.##....
.......# #≈≈ ≈≈≈≈≈≈≈≈###....
.......# ## ###.....###....


You could see an orange crystal statue, 2 crystal guardians, a cyclops, a
phantom and a worker ant.

Vanquished Creatures
  Nikola (Spider:4)
  2 krakens
  Agnes (Spider:1)
  Gastronok (D:8)
  Donald (Orc:2)
  Kirke (Shoals:1)
  Ilsuiw (Shoals:4)
  2 ghost moths (Spider:4)
  7 emperor scorpions
  3 entropy weavers
  The ghost of Nicocat the Eclecticist, an adept KoAE of Vehumet (Shoals:1)
  A spark wasp (Spider:4)
  A dire elephant (Lair:6)
  Josephine (Spider:1)
  5 merfolk javelineers
  7 merfolk impalers
  4 hydras
  A catoblepas (Lair:6)
  An alligator snapping turtle (Shoals:1)
  4 merfolk aquamancers
  4 merfolk avatars
  11 two-headed ogres
  3 death yaks (Lair:6)
  Erica (Lair:1)
  An ogre mage (Orc:2)
  3 satyrs (Shoals:4)
  An orc high priest (Orc:2)
  A skeletal warrior (D:11)
  2 iron trolls (Orc:2)
  4 unseen horrors
  10 sea snakes
  Pikel (D:7)
  10 harpies
  An orc sorcerer (Orc:1)
  5 fauns
  3 ugly things
  7 orb spiders
  18 wolf spiders
  4 cyclopes
  8 manticores
  5 centaur zombies (D:11)
  10 black mambas
  4 moths of wrath
  4 water nymphs
  6 elephants
  A merfolk siren (Shoals:3)
  Maurice (D:8)
  6 torpor snails
  A guardian serpent (Lair:6)
  11 spiny frogs
  A spiny frog (shapeshifter) (D:12)
  4 centaur skeletons (D:11)
  4 rime drakes
  4 demonic crawlers
  10 komodo dragons
  10 trolls
  4 hornets
  4 wind drakes
  17 jumping spiders
  26 merfolk
  The ghost of daryashkoh the Poker, an amateur MfAK of Lugonu (D:5)
  16 blink frogs
  19 hippogriffs
  19 dream sheep
  8 snapping turtles
  7 wraiths
  4 flying skulls (D:11)
  4 shadows (D:11)
  A spriggan (D:7)
  24 tarantellas
  7 water elementals
  76 redbacks
  7 wyverns
  A vampire (D:11)
  20 yaks
  3 hogs (Shoals:1)
  A golden eye (Lair:6)
  4 basilisks
  A chaos spawn (Shoals:2)
  3 hungry ghosts
  The ghost of Bolverk the Ducker, an amateur MfGl (D:3)
  3 wargs
  Edmund (D:4)
  An acid dragon (D:11)
  18 water moccasins
  9 porcupines
  3 ice beasts
  4 sky beasts
  5 black bears
  9 orc warriors
  A phantom (D:11)
  A necrophage (D:11)
  10 wolves
  21 ogres
  10 centaurs
  10 crocodiles
  A big kobold (D:9)
  8 bullfrogs
  2 wyvern zombies
  A wyvern skeleton (D:10)
  8 scorpions
  2 water moccasin skeletons
  10 killer bees
  4 howler monkeys
  19 wights
  2 electric eels
  7 crimson imps
  5 bullfrog zombies
  7 orc priests
  5 hounds
  2 bullfrog skeletons
  A gnoll shaman (D:9)
  A jelly (D:10)
  5 iguanas
  24 orc wizards
  Natasha (twice) (D:4)
  9 worker ants
  8 hell rats (Lair:1)
  A howler monkey zombie (D:6)
  4 worker ant zombies (D:11)
  4 gnolls (D:9)
  A howler monkey skeleton (D:11)
  3 adders
  12 river rats (Lair:1)
  2 adder zombies
  An adder skeleton (D:6)
  3 worms
  A ball lightning (Shoals:1)
  2 dart slugs
  5 leopard geckos
  57 orcs
  2 giant cockroaches
  6 hobgoblins
  16 jackals
  8 quokkas
  9 bats
  6 frilled lizards
  3 goblins (D:2)
  7 kobolds
  2 leopard gecko skeletons (D:4)
  12 rats
  3 fungi
  6 plants
  6 tentacles
925 creatures vanquished.

Vanquished Creatures (collateral kills)
  2 entropy weavers
  A spark wasp (Spider:3)
  A merfolk impaler (Shoals:4)
  An ogre mage (Orc:2)
  A hydra (Lair:6)
  A catoblepas (Lair:6)
  2 alligator snapping turtles
  A satyr (Shoals:4)
  Sonja (D:10)
  A sun demon (Shoals:2)
  An unseen horror (D:10)
  A sea snake (Shoals:3)
  A lindwurm (Lair:6)
  An orb spider (Spider:1)
  4 manticores
  A cyclops (Orc:2)
  3 wolf spiders
  2 fauns
  3 elephants (Lair:4)
  2 moths of wrath
  A merfolk siren (Shoals:4)
  A torpor snail (Lair:6)
  4 black mambas
  4 spiny frogs (Lair:6)
  A demonic crawler (Spider:3)
  3 komodo dragons
  3 merfolk
  2 jumping spiders (Spider:4)
  A slime creature (Lair:6)
  A polar bear (Lair:6)
  A hornet (Lair:6)
  4 blink frogs
  A wind drake (Shoals:2)
  A hippogriff (Shoals:2)
  A dream sheep (Lair:6)
  8 tarantellas
  A wraith (Spider:1)
  15 redbacks
  A yak (Lair:6)
  6 water moccasins
  An orc warrior (D:10)
  A wolf (Lair:6)
  6 ogres
  A bullfrog (Lair:5)
  2 orc wizards (Orc:2)
  A gnoll (D:9)
  2 orcs (D:10)
  A quokka (Lair:1)
  3 fungi
  12 plants
121 creatures vanquished.

Vanquished Creatures (others)
  A redback (Spider:1)
  A human (Shoals:2)
  2 slaves (D:7)
  A sky beast (D:8)
  An adder zombie (D:8)
  3 ball lightnings (Shoals:1)
  18 fungi
  12 plants
  16 tentacles
55 creatures vanquished.

Grand Total: 1101 creatures vanquished

Notes
Turn   | Place    | Note
-------+----------+-------------------------------------------
     0 | D:1      | Exaltedone87 the Demonspawn Fighter began the quest for the Orb.
     0 | D:1      | Reached XP level 1. HP: 18/18 MP: 1/1
    74 | D:1      | Gained mutation: You have a pair of small horns on your head. [demonic ancestry]
    74 | D:1      | Reached XP level 2. HP: 13/24 MP: 2/2
   260 | D:1      | Reached skill level 2 in Axes
   284 | D:1      | Found an iron altar of Okawaru.
   293 | D:1      | Became a worshipper of Warmaster Okawaru
   645 | D:2      | Gained mutation: When seriously injured, your bleeding wounds create armour. (AC +12) [demonic ancestry]
   645 | D:2      | Reached XP level 3. HP: 21/29 MP: 3/3
  1334 | D:3      | Noticed a bullfrog
  1336 | D:3      | Noticed Bolverk's ghost (amateur MfGl)
  1345 | D:2      | Killed a bullfrog
  1345 | D:2      | Reached skill level 1 in Dodging
  1345 | D:2      | Gained mutation: You have a pair of horns on your head. [demonic ancestry]
  1345 | D:2      | Reached XP level 4. HP: 11/35 MP: 4/4
  1670 | D:3      | Killed Bolverk's ghost
  1670 | D:3      | Reached * piety under Okawaru
  1670 | D:3      | Reached skill level 3 in Axes
  1670 | D:3      | Gained mutation: You are partially covered in sharp spines. [demonic ancestry]
  1670 | D:3      | Reached XP level 5. HP: 19/42 MP: 5/5
  1752 | D:3      | Gained mutation: You are mostly covered in sharp spines. [demonic ancestry]
  1752 | D:3      | Reached XP level 6. HP: 35/48 MP: 6/6
  2152 | D:4      | Noticed Edmund
  2170 | D:4      | Killed Edmund
  2170 | D:4      | Reached ** piety under Okawaru
  2170 | D:4      | Reached skill level 4 in Axes
  2214 | D:4      | Gained mutation: You sometimes gain a little power by taking damage. [demonic ancestry]
  2214 | D:4      | Reached XP level 7. HP: 47/54 MP: 7/7
  2232 | D:4      | Noticed Natasha
  2238 | D:4      | Killed Natasha
  2618 | D:4      | Reached skill level 5 in Axes
  2834 | D:4      | Noticed Natasha
  2840 | D:4      | Killed Natasha
  2851 | D:4      | Reached *** piety under Okawaru
  2893 | D:4      | Found a burning altar of Makhleb.
  3018 | D:5      | Entered Level 5 of the Dungeon
  3051 | D:5      | Reached XP level 8. HP: 61/61 MP: 8/8
  3246 | D:5      | Found a snail-covered altar of Cheibriados.
  3250 | D:5      | Found a white marble altar of Elyvilon.
  3370 | D:5      | Noticed daryashkoh's ghost (amateur MfAK)
  3377 | D:5      | Killed daryashkoh's ghost
  3377 | D:5      | Reached skill level 5 in Fighting
  3392 | D:5      | Found a hide-covered altar of Uskayaw.
  3576 | D:5      | Reached skill level 6 in Axes
  3656 | D:5      | Noticed a two-headed ogre
  3667 | D:5      | Killed a two-headed ogre
  3667 | D:5      | Reached **** piety under Okawaru
  3667 | D:5      | Reached skill level 5 in Armour
  3667 | D:5      | Reached skill level 5 in Shields
  3667 | D:5      | Gained mutation: You sometimes gain power by taking damage. [demonic ancestry]
  3667 | D:5      | Reached XP level 9. HP: 27/68 MP: 9/9
  3701 | D:5      | Found a blossoming altar of Fedhas.
  3907 | D:6      | Reached skill level 7 in Axes
  4117 | D:6      | Found a sacrificial altar of Ru.
  4130 | D:6      | Found a staircase to the Ecumenical Temple.
  4508 | D:7      | Noticed Pikel
  4516 | D:7      | Killed Pikel
  4516 | D:7      | Reached ***** piety under Okawaru
  4516 | D:7      | Reached skill level 5 in Dodging
  4575 | D:7      | Found a bloodstained altar of Trog.
  4728 | D:7      | Reached skill level 8 in Axes
  4987 | D:7      | Reached XP level 10. HP: 75/77 MP: 10/10
  5046 | D:7      | Found a glowing golden altar of the Shining One.
  5406 | D:8      | Found a sacrificial altar of Ru.
  5569 | D:8      | Noticed Gastronok
  5591 | D:8      | Killed Gastronok
  5591 | D:8      | Received a gift from Okawaru
  5591 | D:8      | Received a gift from Okawaru
  5625 | D:8      | Noticed Maurice
  5633 | D:8      | Killed Maurice
  5633 | D:8      | Reached skill level 9 in Axes
  5953 | D:8      | Found a stormy altar of Qazlal.
  6414 | D:9      | Noticed a two-headed ogre
  6420 | D:9      | Killed a two-headed ogre
  6420 | D:9      | Reached skill level 1 in Invocations
  6612 | D:9      | Found Idipakh's Distillery.
  6620 | D:9      | Bought a potion of might for 48 gold pieces
  6620 | D:9      | Bought a potion of might for 48 gold pieces
  6647 | D:9      | Gained mutation: When seriously injured, your bleeding wounds create thick armour. (AC +12) [demonic ancestry]
  6647 | D:9      | Reached XP level 11. HP: 84/84 MP: 12/12
  6952 | D:9      | Found a deep blue altar of Sif Muna.
  7073 | D:9      | Found a staircase to the Lair.
  7104 | D:10     | Entered Level 10 of the Dungeon
  7292 | D:10     | Found a staircase to the Orcish Mines.
  7307 | D:10     | Found a shattered altar of Ashenzari.
  7469 | D:10     | Noticed a white ugly thing
  7476 | D:10     | Killed a white ugly thing
  7489 | D:10     | Noticed an unseen horror
  7494 | D:10     | Killed an unseen horror
  7514 | D:10     | Noticed an unseen horror
  7514 | D:10     | Killed an unseen horror
  7514 | D:10     | Reached ****** piety under Okawaru
  7821 | D:10     | Reached skill level 10 in Axes
  7912 | D:10     | Noticed Sonja
  7916 | D:10     | Noticed Urug
  7921 | D:10     | Killed Sonja
  7921 | D:10     | Was placed under penance by Okawaru
  8510 | D:10     | Noticed an unseen horror
  8512 | D:10     | Killed an unseen horror
  8512 | D:10     | Was forgiven by Okawaru
  8512 | D:10     | Received a gift from Okawaru
  8516 | D:10     | Got a pair of steaming gloves {god gift}
  8527 | D:10     | Identified the +1 pair of gloves of Brilliance {rCorr Slay+3} (Okawaru gifted it to you on level 10 of the Dungeon)
  8690 | Orc:1    | Entered Level 1 of the Orcish Mines
  9049 | Orc:1    | Noticed a two-headed ogre
  9052 | Orc:1    | Killed a two-headed ogre
  9406 | Orc:1    | Gained mutation: You have sharp toenails. [potion of mutation]
  9406 | Orc:1    | Gained mutation: Your system is resistant to poisons. (rPois) [potion of mutation]
  9406 | Orc:1    | Gained mutation: Your spells are a little easier to cast, but a little less powerful. [potion of mutation]
  9406 | Orc:1    | Gained mutation: You are somewhat resistant to further mutation. [potion of mutation]
  9452 | Orc:2    | Entered Level 2 of the Orcish Mines
  9452 | Orc:2    | Noticed Donald
  9452 | Orc:2    | Noticed an orc high priest
  9455 | Orc:2    | Reached skill level 5 in Invocations
  9462 | Orc:2    | Killed an orc high priest
  9464 | Orc:2    | Killed Donald
  9464 | Orc:2    | Gained mutation: When seriously injured, your bleeding wounds create very thick armour. (AC +12) [demonic ancestry]
  9464 | Orc:2    | Reached XP level 12. HP: 73/94 MP: 14/16
  9473 | Orc:2    | Found a staircase to the Elven Halls.
  9597 | Orc:2    | Found Tepir's Jewellery Shop.
  9598 | Orc:2    | Noticed a two-headed ogre
  9598 | Orc:2    | Noticed a two-headed ogre
  9598 | Orc:2    | Noticed an ogre mage
  9598 | Orc:2    | Noticed a two-headed ogre
  9598 | Orc:2    | Noticed a two-headed ogre
  9600 | Orc:2    | Noticed a two-headed ogre
  9600 | Orc:2    | Noticed a two-headed ogre
  9602 | Orc:2    | Noticed a two-headed ogre
  9603 | Orc:2    | Noticed a two-headed ogre
  9605 | Orc:2    | Noticed an ogre mage
  9608 | Orc:2    | Killed a two-headed ogre
  9612 | Orc:2    | Killed a two-headed ogre
  9612 | Orc:2    | Reached skill level 11 in Axes
  9619 | Orc:2    | Killed a two-headed ogre
  9619 | Orc:2    | Received a gift from Okawaru
  9619 | Orc:2    | Killed an ogre mage
  9621 | Orc:2    | Killed a two-headed ogre
  9622 | Orc:2    | Killed a two-headed ogre
  9625 | Orc:2    | Killed a two-headed ogre
  9626 | Orc:2    | Killed a two-headed ogre
  9628 | Orc:2    | Received a gift from Okawaru
  9630 | Orc:2    | Killed a two-headed ogre
  9638 | Orc:2    | Killed an ogre mage
  9655 | Orc:2    | Found Jureqeh's Antique Armour Shop.
  9657 | Orc:2    | Found Atwuskat's Assorted Antiques.
  9661 | Orc:2    | Found Xakhlovuepp's Assorted Antiques.
  9735 | Orc:2    | Found a roughly hewn altar of Beogh.
 10124 | Lair:1   | Entered Level 1 of the Lair of Beasts
 10145 | Lair:1   | Reached XP level 13. HP: 96/101 MP: 19/19
 10451 | Lair:1   | Noticed Erica
 10458 | Lair:1   | Killed Erica
 10475 | Lair:1   | Reached skill level 12 in Axes
 11374 | Lair:2   | Received a gift from Okawaru
 11386 | Lair:2   | Reached skill level 10 in Fighting
 11872 | Lair:3   | Found a hole to the Spider Nest.
 12987 | Orc:2    | Got a blackened scarf {god gift}
 12998 | Orc:2    | Identified the scarf "Cacsofus" {*Drain +Inv Dex+6 Stlth+} (Okawaru gifted it to you on level 2 of the Orcish Mines)
 13007 | Orc:2    | Bought an uncursed amulet of regeneration for 420 gold pieces
 13007 | Orc:2    | Bought a +3 ring of dexterity for 219 gold pieces
 13198 | Lair:4   | Found a staircase to the Shoals.
 13650 | Lair:5   | Received a gift from Okawaru
 13749 | Lair:5   | Reached skill level 13 in Axes
 13799 | Lair:5   | Reached skill level 10 in Invocations
 13869 | Lair:5   | Reached XP level 14. HP: 111/111 MP: 21/21
 14345 | Lair:6   | Entered Level 6 of the Lair of Beasts
 14368 | Lair:6   | Reached skill level 10 in Shields
 14521 | Lair:6   | Received a gift from Okawaru
 14524 | Lair:6   | Got a shimmering executioner's axe {god gift}
 14525 | Lair:6   | Identified the +3 executioner's axe "Ozutra" {freeze, rN+} (Okawaru gifted it to you on level 6 of the Lair of Beasts)
 14752 | Lair:6   | Reached skill level 10 in Armour
 14865 | Lair:6   | Found a viscous altar of Jiyva.
 14865 | Lair:6   | Found a staircase to the Slime Pits.
 14948 | Lair:6   | Gained mutation: You are dopey. (Int -2) [mutagenic meat]
 15032 | Lair:6   | Received a gift from Okawaru
 15394 | Lair:6   | Reached skill level 14 in Axes
 15471 | Lair:6   | Received a gift from Okawaru
 15719 | Spider:1 | Entered Level 1 of the Spider Nest
 15793 | Spider:1 | Noticed Agnes
 15804 | Spider:1 | Killed Agnes
 15804 | Spider:1 | Gained mutation: You are powered by pain. [demonic ancestry]
 15804 | Spider:1 | Reached XP level 15. HP: 27/119 MP: 22/22
 16016 | Spider:1 | Noticed Josephine
 16020 | Spider:1 | Killed Josephine
 16020 | Spider:1 | Received a gift from Okawaru
 16910 | Spider:2 | Received a gift from Okawaru
 16936 | Spider:2 | Got a crude scarf {god gift}
 16937 | Spider:2 | Identified the scarf "Hiex" {Int+3} (Okawaru gifted it to you on level 2 of the Spider Nest)
 18264 | Spider:4 | Entered Level 4 of the Spider Nest
 18269 | Spider:4 | Reached skill level 15 in Axes
 18276 | Spider:4 | Received a gift from Okawaru
 18367 | Spider:4 | Reached XP level 16. HP: 126/127 MP: 23/23
 18566 | Spider:4 | Got a gossamer rune of Zot
 18668 | Spider:4 | Received a gift from Okawaru
 18673 | Spider:4 | Noticed Nikola
 18829 | Spider:3 | Identified a scroll of acquirement
 18956 | Spider:4 | Killed Nikola
 19295 | Shoals:1 | Entered Level 1 of the Shoals
 19342 | Shoals:1 | Noticed Kirke
 19352 | Shoals:1 | Noticed Nicocat's ghost (adept KoAE)
 19426 | Shoals:1 | Killed Nicocat's ghost
 19454 | Shoals:1 | Noticed a kraken
 19511 | Shoals:1 | Killed Kirke
 19617 | Shoals:1 | Found Noesu's Antique Armour Emporium.
 20087 | Shoals:1 | Killed a kraken
 20174 | Shoals:2 | Found a transporter.
 20285 | Shoals:2 | Received a gift from Okawaru
 20371 | Shoals:2 | Found Seudishaome's Magic Scroll Boutique.
 20381 | Shoals:2 | Bought a scroll of brand weapon for 240 gold pieces
 20580 | Shoals:2 | Found a transporter.
 20778 | Shoals:2 | Reached skill level 16 in Axes
 20940 | Shoals:2 | Got a twitching gossamer ring
 20948 | Shoals:2 | Got a scorched garnet amulet
 20994 | Shoals:2 | Identified the ring "Voeg" {Fire rPois Int+4} (You found it on level 2 of the Shoals)
 20996 | Shoals:2 | Identified the amulet "Osoon" {rElec Regen+} (You found it on level 2 of the Shoals)
 21073 | Shoals:3 | Received a gift from Okawaru
 21229 | Shoals:3 | Reached XP level 17. HP: 58/135 MP: 24/24
 21250 | Shoals:3 | Noticed a kraken
 21263 | Shoals:3 | Killed a kraken
 21925 | Shoals:4 | Entered Level 4 of the Shoals
 22076 | Shoals:4 | Reached skill level 10 in Dodging
 22441 | Shoals:4 | Got a barnacled rune of Zot
 22729 | Shoals:4 | Received a gift from Okawaru
 22760 | Shoals:4 | Noticed Ilsuiw
 22773 | Shoals:4 | Killed Ilsuiw
 23100 | Shoals:4 | Got a dazzling scarf {god gift}
 23195 | Shoals:4 | Identified the scarf of Disguise {MR++} (Okawaru gifted it to you on level 4 of the Shoals)
 23385 | D:9      | Upgraded the game from 0.20.0-10-g0535bb4 to 0.20.0-15-g7f486f2
 24659 | D:12     | Found a runed door.
 24669 | D:12     | HP: 5/137 [crystal guardian/crystal bolt (22)]
 24672 | D:12     | Killed from afar by a crystal guardian

Skill      XL: |  1  2  3  4  5  6  7  8  9 10 11 12 13 14 15 16 17 |
---------------+----------------------------------------------------+-----
Shields        | 3 4 5 6 7 8 9 10 11 12 | 12.7
Axes           | 2 3 4 5 6 8 9 10 11 13 14 15 16 | 16.9
Armour         | 3 4 5 6 7 8 9 10 11 12 | 12.6
Dodging        | 1 2 3 5 6 7 8 9 10 | 10.5
Fighting       | 4 5 6 7 8 9 10 11 12 13 | 13.6
Invocations    | 1 5 8 10 | 10.0

Action                   |  1- 3 |  4- 6 |  7- 9 | 10-12 | 13-15 | 16-18 || total
-------------------------+-------+-------+-------+-------+-------+-------++-------
Melee: War axe           |    62 |    75 |   231 |    57 |       |       ||   425
       Headbutt          |     9 |    17 |    52 |    63 |   177 |   172 ||   490
       Broad axe         |       |       |       |   237 |   678 |   692 ||  1607
Invok: Heroism           |       |       |       |     1 |       |     4 ||     5
       Finesse           |       |       |       |       |       |     2 ||     2
Evoke: Wand              |       |       |       |       |       |     2 ||     2
  Use: Scroll            |     1 |     3 |     3 |    12 |    10 |     8 ||    37
       Potion            |     1 |     1 |     3 |    14 |     4 |     9 ||    32
 Stab: Distracted        |       |       |     1 |     3 |    10 |     7 ||    21
  Eat: Chunk             |     1 |     1 |     5 |       |    12 |     9 ||    28
       Bread ration      |       |     1 |       |     2 |     2 |     2 ||     7
       Royal jelly       |       |     1 |       |     1 |       |       ||     2
       Fruit             |       |       |       |     1 |       |     2 ||     3
       Meat ration       |       |       |       |     1 |     2 |     1 ||     4
Armor: Scale mail        |    41 |    26 |    16 |       |       |       ||    83
       Chain mail        |       |       |    71 |    64 |       |       ||   135
       Plate armour      |       |       |       |    20 |   316 |   342 ||   678
Dodge: Dodged            |    24 |    23 |    55 |    74 |   217 |   284 ||   677
Block: Shield            |    39 |    35 |   128 |   169 |   491 |   649 ||  1511
